 Seeded DCSS version 0.31-a0-214-gb37851dbb3 (webtiles) character file.

Game seed: 8586023569010873622 (custom seed)

498 innerfire43 the Grave Robber (level 6, -1/47 HPs)
             Began as a Demonspawn Monk on July 1, 2023.
             Was a Believer of Makhleb.
             Slain by a two-headed ogre
             ... wielding a +0 giant club
              (16 damage)
             ... on level 5 of the Dungeon.
             The game lasted 00:06:16 (3737 turns).

innerfire43 the Grave Robber (Demonspawn Monk)      Turns: 3737, Time: 00:06:16

Health: -1/47      AC:  9    Str:  9    XL:     6   Next: 94%
Magic:  6/6        EV: 13    Int: 19    God:    Makhleb [**....]
Gold:   242        SH:  4    Dex: 15    Spells: 5/5 levels left

rFire   + . .        m - +2 dagger (pain)
rCold   . . .        d - orb {light}
rNeg    + + .        k - +0 robe "Gotesic" {rF+ Int+8}
rPois   +            (helmet restricted)
rElec   .            x - +0 cloak
rCorr   .            (no gloves)
SInv    .            w - +1 pair of boots
Will    .....        (no amulet)
Stlth   +            p - ring of poison resistance
HPRegen 0.27/turn    t - ring "Nith" {rN++ AC+4 Str-5}
MPRegen 0.10/turn

%: no passive effects
@: brilliant, glowing
A: horns 2, condensation shield
a: Renounce Religion, Minor Destruction


You were on level 5 of the Dungeon.
You worshipped Makhleb.
Makhleb was pleased with you.
You visited 1 branch of the dungeon, and saw 5 of its levels.

You collected 242 gold pieces.

Inventory:

Hand Weapons
 a - a +0 short sword
 c - a +2 dagger of freezing
 i - a +1 sling of flaming
 m - a +2 dagger of pain (weapon)
Armour
 b - a +0 robe
 d - an orb of light (worn)
 g - an orb of guile
 k - the +0 robe "Gotesic" (worn) {rF+ Int+8}
   (You found it on level 2 of the Dungeon)

   Int:       It affects your intelligence (+8).
   rF:        It protects you from fire.
 w - a +1 pair of boots (worn)
 x - a +0 cloak (worn)
Jewellery
 p - a ring of poison resistance (left hand)
 t - the ring "Nith" (right hand) {rN++ AC+4 Str-5}
   (You found it on level 3 of the Dungeon)

   [ring of protection]

   AC:        It affects your AC (+4).
   Str:       It affects your strength (-5).
   rN:        It greatly protects you from negative energy.
 y - a +6 ring of strength
Wands
 n - a wand of mindburst (22)
 u - a wand of flame (22)
Scrolls
 f - 3 scrolls of identify
 h - a scroll of teleportation
 o - a scroll of brand weapon
 A - a scroll of revelation {unknown}
Potions
 j - 3 potions of resistance {unknown}
 l - 3 potions of degeneration {unknown}
 q - a potion of invisibility {unknown}
 r - a potion of mutation {unknown}
 s - a potion of magic {unknown}
 v - a potion of curing {unknown}
 z - a potion of enlightenment {unknown}


   Skills:
 - Level 3.0 Fighting
 + Level 5.0 Short Blades
 - Level 3.1 Dodging
 * Level 5.6 Necromancy


You had 5 spell levels left.
You didn't know any spells.
Your spell library contained the following spells:

 Spells                   Type           Power      Damage    Failure   Level
 Foxfire                  Conj/Fire      0%         2x1d4     21%         1
 Fireball                 Conj/Fire      0%         3d3       99%         5
 Plasma Beam              Fire/Air       0%         2x1d10    100%        6
 Starburst                Conj/Fire      0%         6d3       100%        6


Dungeon Overview and Level Annotations

Branches:
Dungeon (5/15)
 Temple: D:4-7

Altars:
Makhleb
Uskayaw
Yredelemnul

Annotations:
D:5 2 transporters, fecund's ghost, novice DECj


Innate Abilities, Weirdness & Mutations

You have a pair of horns on your head.
A meltable shield of frost defends you. (SH +4)


Message History

No reachable target in view!
You now have 233 gold pieces (gained 4).
You see here a +0 whip.
The white imp shouts, "Slither away, thou grime-gilt swag-bellied serf!"
Fecund's ghost boasts, "After taking care of you, I will research a spell that consumes the world."
You now have 242 gold pieces (gained 9).
The white imp shouts, "Slither hence, thou droning mumble-news clack-dish!"
Fecund's ghost whispers, "Death doesn't hurt.
What you feel is life."
A - a scroll labelled XUNAUC OMOEH No reachable target in view!
A yak comes into view.
The yak bellows!
You hear two shouts!
You hear a bark!
Found 25 gold pieces.
You block the yak's attack.
A two-headed ogre comes into view.
It is wielding a +0 giant club and a +0 heavy dire flail.
There are monsters nearby!
You hit the yak but do no damage.
The yak writhes in agony.
The yak is lightly wounded.
The yak gores you!
You hit the yak but do no damage.
The yak writhes in agony.
The yak is moderately wounded.
There are monsters nearby!
You hit the yak.
The yak writhes in agony.
The yak is heavily wounded.
The yak misses you.
You hit the yak but do no damage.
The yak is heavily wounded.
The two-headed ogre closely misses you.
The two-headed ogre hits you with a +0 heavy dire flail!!
Ouch! That really hurt!
The yak gores you.
* * * LOW HITPOINT WARNING * * *
It was a potion of brilliance.
You feel clever all of a sudden.
A hound comes into view.
The yak misses you.
You hit the two-headed ogre but do no damage.
The two-headed ogre writhes in agony.
You headbutt the two-headed ogre.
The two-headed ogre is lightly wounded.
The two-headed ogre hits you with a +0 giant club!
You die...

#### ##h. #OY#
##@# #.#### ..
##.#.## ..###
#.#.#.## ....#
######.# ....#
####.#.#.##..#
....#
##...........#
....#
#..###########
....#######.##


You could see a two-headed ogre, a yak and a hound.

Vanquished Creatures
  An ogre (D:4)
  2 scorpions
  An orc priest (D:3)
  A sleepcap (D:5)
  An orc wizard (D:3)
  4 gnolls
  7 adders
  2 worms
  4 dart slugs
  14 orcs
  6 endoplasms
  5 giant cockroaches
  5 goblins
  7 hobgoblins
  6 kobolds
  4 quokkas
  6 ball pythons
  8 bats
  6 frilled lizards
  8 rats
98 creatures vanquished.

Notes
Turn   | Place    | Note
-------+----------+-------------------------------------------
     0 | D:1      | innerfire43 the Demonspawn Monk began the quest for the
                  | Orb.
     0 | D:1      | Reached XP level 1. HP: 18/18 MP: 1/1
   293 | D:1      | Gained mutation: You have a pair of small horns on your
                  | head. [demonic ancestry]
   293 | D:1      | Reached XP level 2. HP: 21/24 MP: 2/2
   850 | D:2      | Identified the +0 robe "Gotesic" {rF+ Int+8}
   921 | D:2      | Reached XP level 3. HP: 15/29 MP: 3/3
  1341 | D:2      | Reached skill level 1 in Necromancy
  1763 | D:3      | Gained mutation: A meltable shield of frost defends you.
                  | (SH +4) [demonic ancestry]
  1763 | D:3      | Reached XP level 4. HP: 34/35 MP: 4/4
  2075 | D:3      | Found a burning altar of Makhleb.
  2329 | D:3      | Became a worshipper of Makhleb the Destroyer
  2329 | D:3      | Reached * piety under Makhleb
  2329 | D:3      | Reached ** piety under Makhleb
  2623 | D:3      | Identified the ring "Nith" {rN++ AC+4 Str-5}
  2661 | D:3      | Reached XP level 5. HP: 25/41 MP: 5/5
  2940 | D:4      | Found a basalt altar of Yredelemnul.
  2951 | D:4      | Noticed a +0 falchion
  2952 | D:4      | Noticed a +0 spear
  2952 | D:4      | Noticed a +0 short sword
  2952 | D:4      | Noticed a +0 falchion
  2995 | D:4      | Noticed a +0 short sword
  2996 | D:4      | Noticed a +0 spear
  2996 | D:4      | Noticed a +0 dagger
  2997 | D:4      | Noticed a +0 dagger
  3009 | D:4      | Found a hide-covered altar of Uskayaw.
  3144 | D:4      | Noticed an ogre
  3154 | D:4      | Killed an ogre
  3155 | D:4      | Gained mutation: You have a pair of horns on your head.
                  | [demonic ancestry]
  3155 | D:4      | Reached XP level 6. HP: 47/47 MP: 6/6
  3339 | D:5      | Entered Level 5 of the Dungeon
  3353 | D:5      | Reached skill level 5 in Necromancy
  3367 | D:5      | Noticed fecund's ghost (novice DECj)
  3373 | D:5      | Found a transporter.
  3469 | D:5      | Found a transporter.
  3580 | D:4      | Reached skill level 5 in Short Blades
  3730 | D:5      | Noticed a yak
  3731 | D:5      | Noticed a two-headed ogre
  3737 | D:5      | Slain by a two-headed ogre

Illustrated notes

Levels and vault maps discovered:
D:1:      minmay_arrival_cross, layout_basic
D:2:      layout_rooms
D:3:      minmay_chambers_of_threes, layout_basic, bloody_makhleb,
          minmay_pentomino_pile
D:4:      cheibrodos_pilgrimage, layout_rooms, nicolae_uskayaw_en_pointe,
          old_standard_altar, tso_altar
D:5:      layout_basic, minmay_temple_entry_butterflies, gammafunk_ghost_arena,
          minmay_small_thing

Skill      XL: |  1  2  3  4  5  6 |
---------------+-------------------+-----
Short Blades   | 3 4 5 |  5.0
Dodging        | 3 |  3.1
Necromancy     | 1 3 4 5 |  5.6
Fighting       | |  3.0

Action                     |  1- 3 |  4- 6 || total
---------------------------+-------+-------++-------
  Melee: Short sword       |    89 |       ||    89
         Headbutt          |    21 |    40 ||    61
         Dagger            |    24 |   174 ||   198
    Use: Scroll            |     5 |     3 ||     8
         Potion            |       |     3 ||     3
 Armour: Robe              |    15 |    35 ||    50
         Skin              |       |    11 ||    11
  Dodge: Dodged            |    77 |   120 ||   197
  Block: Orb               |       |    34 ||    34

Table legend: (Time is in decaauts)
 A = Elapsed time spent in this place.
 B = Non-inter-level travel time spent in this place.
 C = Inter-level travel time spent in this place.
 D = Time resting spent in this place.
 E = Time spent auto-exploring this place.
 F = Levels seen in this place.
 G = Mean time per level.
                   A        B        C        D        E       F      G
               +--------+--------+--------+--------+--------+-----+--------+
         Total |   3685 |   3414 |    271 |      0 |   2745 |   5 |  737.0 |
       Dungeon |   3685 |   3414 |    271 |      0 |   2745 |   5 |  737.0 |
               +--------+--------+--------+--------+--------+-----+--------+

Top non-repeatable levels by time:
     D:3: 1147 daAuts
     D:1: 841 daAuts
     D:2: 837 daAuts
     D:4: 544 daAuts
     D:5: 314 daAuts
